 Dungeon Crawl Stone Soup version 0.31.0-32-g396128a36d (webtiles) character file.

Game seed: 5964740707098506819

103 Lknadfodr the Grasshopper (level 4, -9/36 (38) HPs)
             Began as a Gnoll Warper on Apr 17, 2024.
             Mangled by Crazy Yiuf
             ... wielding a +3 quarterstaff of chaos
              (11 damage)
             ... on level 2 of the Dungeon.
             The game lasted 00:07:06 (1918 turns).

Lknadfodr the Grasshopper (Gnoll Warper)            Turns: 1918, Time: 00:07:07

HP:   -9/36 (38)    AC:  3    Str: 12    XL:     4   Next: 79%
MP:   3/11          EV: 12    Int: 13    God:
Gold: 177           SH:  0    Dex: 11    Spells: 13/13 levels left

rFire   + . .        a - +0 spear
rCold   + . .        (no shield)
rNeg    . . .        b - +0 leather armour
rPois   .            (no helmet)
rElec   .            l - scarf {rC+ rF+}
rCorr   .            (no gloves)
SInv    .            (no boots)
Will    .....        (no amulet)
Stlth   +            (no ring)
HPRegen 0.26/turn    (no ring)
MPRegen 0.12/turn

%: no passive effects
@: drained
A: fangs 1, strong nose, distributed training
a: no special abilities


You were on level 2 of the Dungeon.
You visited 1 branch of the dungeon, and saw 2 of its levels.

You collected 177 gold pieces.

Inventory:

Hand Weapons
 a - a +0 spear (weapon)
Missiles
 d - 7 darts of dispersal (quivered)
 j - 3 poisoned darts
Armour
 b - a +0 leather armour (worn)
 e - an orb of mayhem
 l - a scarf of resistance (worn)
Scrolls
 c - a scroll of blinking
 h - a scroll of teleportation {unknown}
 i - 2 scrolls of immolation
 k - a scroll of revelation {unknown}
Potions
 f - a potion of degeneration {unknown}


   Skills:
 + Level 4.7 Fighting
 + Level 1.3 Short Blades
 + Level 1.3 Long Blades
 + Level 1.3 Axes
 + Level 1.3 Maces & Flails
 + Level 4.7 Polearms
 + Level 1.3 Staves
 + Level 1.3 Ranged Weapons
 + Level 2.8 Throwing
 + Level 2.8 Armour
 + Level 4.7 Dodging
 + Level 1.3 Stealth
 + Level 1.3 Shields
 + Level 1.3 Unarmed Combat
 + Level 5.1 Spellcasting
 + Level 1.0 Conjurations
 + Level 1.0 Hexes
 + Level 1.0 Summonings
 + Level 1.0 Necromancy
 + Level 5.5 Translocations
 + Level 1.0 Fire Magic
 + Level 1.0 Ice Magic
 + Level 1.0 Air Magic
 + Level 1.0 Earth Magic
 + Level 1.0 Alchemy
 + Level 1.4 Invocations
 + Level 1.3 Evocations
 + Level 1.2 Shapeshifting


You had 13 spell levels left.
You didn't know any spells.
Your spell library contained the following spells:

 Spells                   Type           Power      Damage    Failure   Level
 Blink                    Tloc           34%        N/A       3%          2
 Lesser Beckoning         Tloc           34%        N/A       3%          2
 Teleport Other           Tloc           17%        N/A       8%          3
 Ensorcelled Hibernation  Hex/Ice        12%        N/A       22%         2
 Manifold Assault         Tloc           17%        N/A       24%         4
 Fugue of the Fallen      Necr           6%         N/A       41%         3
 Vhi's Electric Charge    Tloc/Air       22%        N/A       52%         4
 Anguish                  Hex/Necr       3%         N/A       83%         4


Dungeon Overview and Level Annotations

Branches:
Dungeon (2/15)

Altars:

Annotations:
D:2 Crazy Yiuf


Innate Abilities, Weirdness & Mutations

You have very sharp teeth.
Your uncanny sense of smell can sniff out nearby items.
Your experience applies equally to all skills.


Message History

Found a hammer.
Found a runed translucent door.
Crazy Yiuf shouts!
You see here a ball python corpse.
Items here: ( )) †.
There is a stone staircase leading up here.
A frilled lizard comes into view.
The frilled lizard moves out of view.
The frilled lizard hisses angrily.
A frilled lizard is nearby!
A frilled lizard is nearby!
You closely miss the frilled lizard. The frilled lizard closely misses you.
You miss the frilled lizard. Your bite misses the frilled lizard.
The frilled lizard barely misses you.
You miss the frilled lizard. The frilled lizard barely misses you.
You hit the frilled lizard.
You kill the frilled lizard!
There is a stone staircase leading down here.
There is an escape hatch in the floor here.
There is a stone staircase leading up here.
Items here: ( )) ÷.
Crazy Yiuf shouts!
You open the door. You hit Crazy Yiuf but do no damage.
Crazy Yiuf hits you with a +3 quarterstaff of chaos.
You hit Crazy Yiuf.
Crazy Yiuf is lightly wounded.
Crazy Yiuf hits you with a +3 quarterstaff of chaos!
You feel drained.
You closely miss Crazy Yiuf. You bite Crazy Yiuf, but do no damage.
Crazy Yiuf is lightly wounded.
You barely miss Crazy Yiuf. You bite Crazy Yiuf.
Crazy Yiuf is lightly wounded.
Crazy Yiuf hits you with a +3 quarterstaff of chaos!
* * * LOW HITPOINT WARNING * * *
You feel your power leaking away.
You hit Crazy Yiuf but do no damage.
Crazy Yiuf is lightly wounded.
Crazy Yiuf waves his quarterstaff at you.
Crazy Yiuf hits you with a +3 quarterstaff of chaos!
You die...

##......#
#....###### #.
#.......#
#....# #.###
## #....†..#
#....#
#...####
#.......#
#...##
#......#
##.....##
##.##
#.#.##.##
##...## #.##
#.#....)####
##..# ##.#
######......
##)# #.## ####
####### #.#
##@# #..## #
#.## #g#
#...## # #..#
... ##...#
##.# #...#
#...#### #.#
#..)#
##.....### #.#
#####
###.#...# #.##
#..##.##
#####.<####
#### ##.##..#
#.........###
#..#####.....#


You could see Crazy Yiuf.

Vanquished Creatures
  Jessica (D:2)
  A gnoll (D:1)
  2 adders (D:2)
  2 ribbon worms
  3 ball pythons
  6 endoplasms
  2 giant cockroaches
  5 goblins
  3 hobgoblins (D:1)
  5 kobolds (D:2)
  A quokka (D:2)
  4 bats (D:1)
  2 frilled lizards
  7 rats
44 creatures vanquished.

Notes
Turn   | Place    | Note
-------+----------+-------------------------------------------
     0 | D:1      | Lknadfodr the Gnoll Warper began the quest for the Orb.
     0 | D:1      | Reached XP level 1. HP: 20/20 MP: 6/6
   143 | D:1      | Reached XP level 2. HP: 26/26 MP: 7/7
   543 | D:1      | Reached skill level 5 in Spellcasting
   543 | D:1      | Reached XP level 3. HP: 27/31 MP: 7/9
   693 | D:1      | Reached skill level 1 in Invocations
  1316 | D:2      | Reached skill level 1 in Short Blades
  1316 | D:2      | Reached skill level 1 in Long Blades
  1316 | D:2      | Reached skill level 1 in Axes
  1316 | D:2      | Reached skill level 1 in Maces & Flails
  1316 | D:2      | Reached skill level 1 in Staves
  1316 | D:2      | Reached skill level 1 in Ranged Weapons
  1316 | D:2      | Reached skill level 1 in Stealth
  1316 | D:2      | Reached skill level 1 in Shields
  1316 | D:2      | Reached skill level 1 in Unarmed Combat
  1316 | D:2      | Reached skill level 1 in Evocations
  1335 | D:2      | Noticed Jessica
  1385 | D:2      | Reached skill level 1 in Shapeshifting
  1385 | D:2      | Reached XP level 4. HP: 38/38 MP: 11/11
  1415 | D:2      | Killed Jessica
  1416 | D:2      | Reached skill level 1 in Conjurations
  1416 | D:2      | Reached skill level 1 in Hexes
  1416 | D:2      | Reached skill level 1 in Summonings
  1416 | D:2      | Reached skill level 1 in Necromancy
  1416 | D:2      | Reached skill level 1 in Fire Magic
  1416 | D:2      | Reached skill level 1 in Ice Magic
  1416 | D:2      | Reached skill level 1 in Air Magic
  1416 | D:2      | Reached skill level 1 in Earth Magic
  1416 | D:2      | Reached skill level 1 in Alchemy
  1741 | D:2      | Found a runed translucent door.
  1742 | D:2      | Noticed Crazy Yiuf
  1917 | D:2      | HP: 1/36 [Crazy Yiuf/+3 quarterstaff of chaos (14)]
  1918 | D:2      | Mangled by Crazy Yiuf

Illustrated notes

Levels and vault maps discovered:
D:1:      dpeg_arrival_brainrot, layout_loops_ring
D:2:      layout_rooms, uniq_crazy_yiuf_cottage, uniq_jessica

Skill      XL: |  1  2  3  4 |
---------------+-------------+-----
Spellcasting   | 5 |  5.1
Invocations    | 1 |  1.4
Short Blades   | 1 |  1.3
Long Blades    | 1 |  1.3
Axes           | 1 |  1.3
Maces & Flails | 1 |  1.3
Staves         | 1 |  1.3
Ranged Weapons | 1 |  1.3
Stealth        | 1 |  1.3
Shields        | 1 |  1.3
Unarmed Combat | 1 |  1.3
Evocations     | 1 |  1.3
Shapeshifting  | 1 |  1.2
Conjurations   | 1 |  1.0
Hexes          | 1 |  1.0
Summonings     | 1 |  1.0
Necromancy     | 1 |  1.0
Fire Magic     | 1 |  1.0
Ice Magic      | 1 |  1.0
Air Magic      | 1 |  1.0
Earth Magic    | 1 |  1.0
Alchemy        | 1 |  1.0
Fighting       | |  4.7
Polearms       | |  4.7
Throwing       | |  2.8
Armour         | |  2.8
Dodging        | |  4.7
Translocations | |  5.5

Action                     |  1- 3 |  4- 6 || total
---------------------------+-------+-------++-------
  Melee: Spear             |   120 |    45 ||   165
         Bite              |     6 |     8 ||    14
         Punch             |     1 |     1 ||     2
    Use: Potion            |     2 |       ||     2
         Scroll            |     1 |       ||     1
   Stab: Invisible         |     1 |       ||     1
         Sleeping          |     1 |       ||     1
 Armour: Leather armour    |    64 |    14 ||    78
  Dodge: Dodged            |    84 |    19 ||   103
